 Dungeon Sprint DCSS version 0.21.0-24-g2553a33 (webtiles) character file.

1509 letownia2 the Grappler (level 8, -4/79 HPs)
             Began as a Troll Wizard on Jan 20, 2018.
             Was an Initiate of Gozag.
             Slain by a redback (6 damage)
             ... in the Dungeon (Sprint III: "The Ten Rune Challenge").
             The game lasted 00:03:41 (638 turns).

letownia2 the Grappler (Troll Wizard)                Turns: 638, Time: 00:03:41

Health: -4/79      AC:  5    Str: 16    XL:     8   Next: 53%
Magic:  1/13       EV: 10    Int: 16    God:    Gozag
Gold:   845        SH:  0    Dex:  8    Spells: 6/15 levels left

rFire    . . .     SeeInvis .     - Unarmed
rCold    . . .     Gourm    +   (no shield)
rNeg     . . .     Faith    .   a - +0 robe
rPois    .         Spirit   .   b - +0 hat
rElec    .         Reflect  .   (no cloak)
rCorr    .         Harm     .   (gloves unavailable)
MR       .....     NoTele   +   (boots unavailable)
Stlth    +.........             (no amulet)
HPRegen  0.63/turn              (no ring)
MPRegen  0.13/turn              (no ring)

@: very slightly contaminated
A: large, unfitting armour, claws 3, fast metabolism 3, gourmand, regeneration
1, shaggy fur 1, tough skin 2
a: Potion Petition, Call Merchant, Bribe Branch, Renounce Religion


You were in the Dungeon.
You worshipped Gozag.
Gozag was pleased with you.
You were full.

You visited 1 branch You collected 845 gold pieces.

Inventory:

Armour
 a - a +0 robe (worn)
 b - a +0 hat (worn)
Scrolls
 j - a scroll of blinking
 k - 4 scrolls of identify
 m - 2 scrolls of holy word {unknown}
 n - a scroll of remove curse {unknown}
 p - a scroll of fog {unknown}
Potions
 f - a potion of heal wounds
 g - 2 potions of haste
 h - 2 potions of magic
 i - a potion of berserk rage
 l - 6 potions of mutation {unknown}
 o - 2 potions of flight
Books
 c - a book of Minor Magic

   Spells                             Type                      Level
   a - Magic Dart                     Conjuration                  1
   b - Blink                          Translocation                2
   c - Call Imp                       Summoning                    2
   d - Slow                           Hexes                        2
   e - Conjure Flame                  Conjuration/Fire             3
   f - Mephitic Cloud                 Conjuration/Poison/Air       3
Miscellaneous
 q - a lamp of fire
Comestibles
 d - 3 rations


   Skills:
 + Level 4.6 Fighting
 - Level 2.7 Dodging
 - Level 1.0 Stealth
 * Level 13.6 Unarmed Combat
 + Level 4.3 Spellcasting
 - Level 4.1 Conjurations
   Level 0.6 Summonings
 - Level 2.1 Translocations
 - Level 2.8 Fire Magic
 - Level 2.5 Air Magic
 - Level 2.8 Poison Magic


You had 6 spell levels left.
You knew the following spells:

 Your Spells              Type           Power        Failure   Level  Hunger
a - Magic Dart            Conj           ###.         3%          1    None
b - Blink                 Tloc           N/A          10%         2    ##.....
c - Conjure Flame         Conj/Fire      ##......     12%         3    ###....
e - Mephitic Cloud        Conj/Pois/Air  ##......     13%         3    ###....


Dungeon Overview and Level Annotations

Branches:
Dungeon (1/1)

Altars:
Cheibriados
Elyvilon
Fedhas
Gozag
Hepliaklqana
Makhleb
Nemelex Xobeh
Qazlal
Xom
Zin
The Shining One
Jiyva
Lugonu


Innate Abilities, Weirdness & Mutations

You are too large for most types of armour.
You have claws for hands.
Your metabolism is lightning-fast.
You like to eat raw meat.
Your natural rate of healing is unusually fast.
You are covered in fur. (AC +1)
You have very tough skin. (AC +2)


Message History

Unknown command.
You completely miss the redback.
The redback is heavily wounded.
* * * LOW HITPOINT WARNING * * *
You feel very sick.
Unknown command.
Unknown command.
You scratch the redback but do no damage.
The redback is heavily wounded.
* * * LOW HITPOINT WARNING * * *
You feel sick.
The redback seems less confused.
The redback bites you!
* * * LOW HITPOINT WARNING * * *
You are more poisoned.
The redback poisons you!
Unknown command.
You feel better. The redback bites you!
* * * LOW HITPOINT WARNING * * *
The redback bites you.
You die...
Your body crumbles into a pile of gold.

#+###+## $ $$
.......#$$ $$ .......#
$ $ ######)# $ $$$ $
#__#...#+##############
#__#...#....#.#.#.).s.#
#__#...##.#..#.##.###.#
#__#...'##.#.#.##s#..##
#__'...#.).#..#)@##..
▓▓▓▓▓▓▓▓▓▓▓▓▓▓▓▓▓▓▓▓▓
$$ $$


You could see a redback.

Vanquished Creatures
  A deep elf mage (D)
  A shadow (D)
  A spatial vortex (D)
  5 two-headed ogres (D)
  A water elemental (D)
  A jelly (D)
  A human (D)
  An ooze (D)
  A phantom (D)
  3 rats (D)
16 creatures vanquished.

Vanquished Creatures (others)
  2 draconian scorchers (D)
  6 hellions (D)
  2 yaktaurs (D)
  2 plants (D)
12 creatures vanquished.

Grand Total: 28 creatures vanquished

Notes
Turn   | Place    | Note
-------+----------+-------------------------------------------
     0 | D        | letownia2 the Troll Wizard began the quest for the Orb.
     0 | D        | Reached XP level 1. HP: 16/16 MP: 2/2
     6 | D        | Reached skill level 1 in Unarmed Combat
     9 | D        | Reached skill level 1 in Fighting
     9 | D        | Reached skill level 2 in Unarmed Combat
    49 | D        | Reached skill level 3 in Unarmed Combat
    49 | D        | Reached XP level 2. HP: 21/27 MP: 4/4
   102 | D        | Reached skill level 4 in Unarmed Combat
   102 | D        | Reached XP level 3. HP: 24/33 MP: 5/5
   107 | D        | Learned a level 3 spell: Mephitic Cloud
   107 | D        | Killed a hellion
   111 | D        | Learned a level 3 spell: Conjure Flame
   154 | D        | Killed a hellion
   173 | D        | Noticed a water elemental
   176 | D        | Killed a water elemental
   176 | D        | Reached skill level 1 in Fire Magic
   176 | D        | Reached skill level 1 in Air Magic
   176 | D        | Reached skill level 1 in Poison Magic
   176 | D        | Reached XP level 4. HP: 22/41 MP: 2/6
   178 | D        | Killed a hellion
   178 | D        | Killed a hellion
   179 | D        | Killed a hellion
   209 | D        | Killed a hellion
   217 | D        | Found a glowing silver altar of Zin.
   217 | D        | Found a glowing golden altar of the Shining One.
   217 | D        | Found a white marble altar of Elyvilon.
   220 | D        | Noticed a deep elf mage
   226 | D        | Killed a yaktaur
   226 | D        | Killed a white draconian scorcher
   227 | D        | Killed a white draconian scorcher
   234 | D        | Killed a deep elf mage
   234 | D        | Reached skill level 12 in Unarmed Combat
   234 | D        | Reached XP level 5. HP: 39/48 MP: 4/7
   234 | D        | Reached XP level 6. HP: 44/55 MP: 4/8
   238 | D        | Learned a level 2 spell: Blink
   269 | D        | Noticed a shadow
   273 | D        | Killed a shadow
   273 | D        | Reached skill level 1 in Translocations
   273 | D        | Reached XP level 7. HP: 50/65 MP: 2/10
   297 | D        | Found a blossoming altar of Fedhas.
   297 | D        | Found a stormy altar of Qazlal.
   298 | D        | Found a snail-covered altar of Cheibriados.
   298 | D        | Found a burning altar of Makhleb.
   298 | D        | Found a hazy altar of Hepliaklqana.
   298 | D        | Found a shimmering altar of Xom.
   298 | D        | Found an opulent altar of Gozag.
   298 | D        | Found a sparkling altar of Nemelex Xobeh.
   298 | D        | Found a corrupted altar of Lugonu.
   298 | D        | Found a viscous altar of Jiyva.
   298 | D        | Noticed a spatial vortex
   302 | D        | Became a worshipper of Gozag Ym Sagoz the Greedy
   315 | D        | Killed a spatial vortex
   509 | D        | Noticed a two-headed ogre
   518 | D        | Killed a two-headed ogre
   518 | D        | Reached skill level 13 in Unarmed Combat
   518 | D        | Reached XP level 8. HP: 25/78 MP: 7/12
   594 | D        | Killed a yaktaur
   597 | D        | Noticed a two-headed ogre
   611 | D        | Killed a two-headed ogre
   637 | D        | HP: 2/79 [redback (17)]
   638 | D        | Slain by a redback

Skill      XL: |  1  2  3  4  5  6  7  8 |
---------------+-------------------------+-----
Unarmed Combat | 3 4 12 13 | 13.6
Fighting       | 1 2 4 |  4.6
Conjurations   | 2 4 |  4.1
Fire Magic     | 1 2 |  2.8
Air Magic      | 1 2 |  2.5
Poison Magic   | 1 2 |  2.8
Dodging        | 2 |  2.7
Translocations | 1 2 |  2.1
Spellcasting   | 3 4 |  4.3
Stealth        | |  1.0
Summonings     | |  0.6

Action                   |  1- 3 |  4- 6 |  7- 9 || total
-------------------------+-------+-------+-------++-------
Melee: Unarmed           |    37 |    17 |    29 ||    83
       Punch             |     1 |     2 |     2 ||     5
 Cast: Conjure Flame     |     1 |     2 |     3 ||     6
       Mephitic Cloud    |       |     1 |     7 ||     8
  Use: Potion            |       |       |     1 ||     1
 Stab: Confused          |       |     2 |     4 ||     6
  Eat: Chunk             |     2 |       |       ||     2
       Ration            |       |       |     2 ||     2
Armor: Robe              |     6 |       |       ||     6
Dodge: Dodged            |    12 |       |     4 ||    16
